 Dungeon Crawl Stone Soup version 0.26.1-11-gd32895ea62 (webtiles) character file.

Game seed: 16038888685102437424

129 tizbic2 the Slasher (level 5, -3/30 HPs)
             Began as a Tengu Gladiator on June 28, 2021.
             Slain by a crimson imp
             ... wielding a +2 dagger of chaos
              (9 damage)
             ... on level 3 of the Dungeon.
             The game lasted 00:11:03 (1958 turns).

tizbic2 the Slasher (Tengu Gladiator)               Turns: 1958, Time: 00:11:06

Health: -3/30      AC:  7    Str: 14    XL:     5   Next: 12%
Magic:  6/6        EV: 13    Int: 11    God:
Gold:   171        SH:  0    Dex: 16    Spells: 4/4 levels left

rFire    . . .     SeeInvis .   a - +0 long sword
rCold    . . .     Faith    .   (no shield)
rNeg     . . .     Spirit   .   f - +0 scale mail
rPois    .         Reflect  .   c - +1 hat
rElec    .         Harm     .   (no cloak)
rCorr    .         Rampage  .   (no gloves)
Will     .....                  (boots unavailable)
Stlth    ..........             (no amulet)
HPRegen  0.10/turn              (no ring)
MPRegen  0.10/turn              (no ring)

@: flying quickly and evasively, quick
A: beak, talons 3, clever 1, mutation resistance 1, screaming 1, able to fly
a: Stop Flying


You were on level 3 of the Dungeon.
You visited 1 branch of the dungeon, and saw 3 of its levels.

You collected 171 gold pieces.

Inventory:

Hand Weapons
 a - a +0 long sword (weapon)
 l - a +2 mace of protection
Missiles
 d - 3 throwing nets
 i - 2 javelins
 j - 149 stones (quivered)
Armour
 b - a +0 leather armour
 c - a +1 hat (worn)
 f - a +0 scale mail (worn)
 g - a +0 ring mail
Scrolls
 h - a scroll of teleportation {unknown}
 o - a scroll of random uselessness {unknown}
 p - a scroll of identify
Potions
 e - 2 potions of berserk rage
 k - a potion of curing


   Skills:
 - Level 2.0 Fighting
 * Level 5.2 Long Blades
 - Level 2.0 Throwing
 + Level 1.4 Armour
 * Level 4.3 Dodging


You had 4 spell levels left.
You didn't know any spells.
Your spell library was empty.

Dungeon Overview and Level Annotations

Branches:
Dungeon (3/15)

Altars:
Gozag
Xom


Innate Abilities, Weirdness & Mutations

You have a beak for a mouth.
You have claws for feet.
You can fly continuously.
Your mind is acute. (Int +2)
You are somewhat resistant to further mutation.
You occasionally shout uncontrollably at your foes.


Message History

You closely miss the crimson imp. Your kick misses the crimson imp.
Your peck misses the crimson imp. You hit the crimson imp.
The crimson imp is almost dead.
The crimson imp blinks!
The crimson imp hits you but does no damage.
You hit the crimson imp. You claw the crimson imp.
The crimson imp is almost dead.
The crimson imp hits you but does no damage.
You are electrocuted!!
Ouch! That really hurt!
* * * LOW HITPOINT WARNING * * *
The crimson imp barely misses you.
You hit the crimson imp but do no damage.
Your kick misses the crimson imp. Your peck misses the crimson imp.
The crimson imp is almost dead.
The crimson imp hits you with a +2 dagger of chaos.
* * * LOW HITPOINT WARNING * * *
You are electrocuted!
You die...

####+###
#.§....§
###._.###
######.5...^§#
#....####5####
#####......5@.#
#...'........##
#.###........#
#.# #........#
#.# #........#
#.# #........#
#.# #........#
#.# #........#
#.# #######.##


You could see 2 crimson imps.

Vanquished Creatures
  Natasha (twice) (D:2)
  Robin (D:2)
  2 adders (D:2)
  2 dart slugs (D:1)
  3 leopard geckos
  10 bats
  7 hobgoblins (D:2)
  3 frilled lizards
  8 goblins (D:2)
  7 rats
45 creatures vanquished.

Notes
Turn   | Place    | Note
-------+----------+-------------------------------------------
     0 | D:1      | tizbic2 the Tengu Gladiator began the quest for the Orb.
     0 | D:1      | Reached XP level 1. HP: 12/12 MP: 2/2
   356 | D:1      | Reached XP level 2. HP: 17/17 MP: 3/3
   742 | D:2      | Found an opulent altar of Gozag.
   941 | D:2      | Gained mutation: You occasionally shout uncontrollably at
                  | your foes. [potion of mutation]
   941 | D:2      | Gained mutation: Your mind is acute. (Int +2) [potion of
                  | mutation]
   941 | D:2      | Gained mutation: You are somewhat resistant to further
                  | mutation. [potion of mutation]
   973 | D:2      | Noticed Natasha
   977 | D:2      | Reached XP level 3. HP: 21/21 MP: 4/4
   986 | D:2      | Killed Natasha
   987 | D:2      | Reached skill level 4 in Long Blades
   987 | D:2      | Reached skill level 1 in Armour
  1028 | D:2      | Reached XP level 4. HP: 19/26 MP: 5/5
  1214 | D:2      | Identified the +1 helmet of Vehumet's Hatred {rC+}
  1214 | D:2      | Noticed Robin
  1243 | D:2      | Killed Robin
  1364 | D:2      | Reached skill level 5 in Long Blades
  1580 | D:2      | Noticed Natasha
  1591 | D:2      | Killed Natasha
  1592 | D:2      | Gained mutation: You can fly continuously. [Tengu growth]
  1592 | D:2      | Reached XP level 5. HP: 2/30 MP: 6/6
  1949 | D:3      | Found a shimmering altar of Xom.
  1958 | D:3      | Slain by a crimson imp

Illustrated notes

Levels and vault maps discovered:
D:1:      grunt_arrival_lava_bath, layout_rooms,
          wander_ebering_terrifying_dragon_lair
D:2:      minmay_angry_zag, layout_basic, nicolae_overflow_crystal_walls,
          uniq_robin, uniq_natasha
D:3:      layout_basic, minivault_26, led_xom_imps

Skill      XL: |  1  2  3  4 |
---------------+-------------+-----
Long Blades    | 4 5 |  5.2
Armour         | 1 |  1.4
Dodging        | 4 |  4.3
Fighting       | |  2.0
Throwing       | |  2.0

Action                   |  1- 3 |  4- 6 || total
-------------------------+-------+-------++-------
Melee: Long sword        |    39 |    46 ||    85
       Peck              |     6 |     5 ||    11
       Kick              |    11 |    12 ||    23
Throw: Throwing net      |     5 |       ||     5
       Stone             |     4 |     1 ||     5
 Abil: Fly               |       |     1 ||     1
  Use: Scroll            |     5 |       ||     5
       Potion            |     4 |     2 ||     6
 Stab: Held in net/web   |     1 |       ||     1
Armor: Scale mail        |    18 |    22 ||    40
       Leather armour    |     1 |       ||     1
       Ring mail         |     1 |       ||     1
Dodge: Dodged            |    44 |    19 ||    63
       Rpst.: Long sword |     8 |     7 ||    15
